 Dungeon Crawl Stone Soup version bcrawl-1.15.1 (webtiles) character file.

Game seed: 4740165659685730846

31 Chiseanne the Ducker (level 3, 12/27 HPs)
             Began as a Demonspawn Archaeologist on Sept 28, 2019.
             Quit the game on level 3 of the Dungeon.
             The game lasted 00:01:45 (956 turns).

Chiseanne the Ducker (Demonspawn Archaeologist)      Turns: 956, Time: 00:01:45

Health: 12/27      AC:  8    Str: 11    XL:     3   Next: 7%
Magic:  3/3        EV: 11    Int: 15    God:
Gold:   157        SH:  0    Dex: 12    Spells: 2/2 levels left

rFire    . . .     SeeInvis .   m - +0 hand axe
rCold    . . .     Gourm    +   (no shield)
rNeg     . . .     Faith    .   s - +0 ring mail
rPois    .         Spirit   .   c - +1 hat
rElec    .         Reflect  .   (no cloak)
rCorr    .         Harm     .   (no gloves)
MR       .....                  d - +1 pair of boots
Stlth    +.........             o - amulet of the gourmand
HPRegen  0.09/turn              (no ring)
MPRegen  0.08/turn              (no ring)

@: studying Bows
A: horns 1
a: no special abilities


You were on level 3 of the Dungeon.
You were full.

You visited 1 branch of the dungeon, and saw 3 of its levels.

You collected 157 gold pieces.

Inventory:

Hand Weapons
 m - a +0 hand axe (weapon)
Missiles
 k - 84 stones (quivered)
 t - 163 arrows
Armour
 c - a +1 hat (worn)
 d - a +1 pair of boots (worn)
 s - a +0 ring mail (worn)
Jewellery
 o - an amulet of the gourmand (around neck)
 r - an uncursed ring of protection from fire {unknown}
Scrolls
 i - 2 scrolls of identify
 j - a scroll of blinking {unknown}
 n - 2 scrolls of fog {unknown}
 p - 2 scrolls of remove curse {unknown}
Potions
 a - a potion of haste {unknown}
 b - a potion of curing {unknown}
 h - 3 potions of might
 l - a potion of agility {unknown}
 q - a potion of heal wounds {unknown}
Books
 e - a manual of Bows
Miscellaneous
 f - an ancient crate
Comestibles
 g - 2 rations {!d}


   Skills:
 * Level 2.2 Fighting
   Level 0.8 Maces & Flails
 * Level 3.3 Dodging
 - Level 3.0 Stealth


You had 2 spell levels left.
You didn't know any spells.
Your spell library was empty.

Dungeon Overview and Level Annotations

Branches:
Dungeon (3/12)

Altars:
Wu Jian


Innate Abilities, Weirdness & Mutations

You have a pair of small horns on your head.


Message History

You are too injured to fight recklessly!
You are too injured to fight recklessly!
You are too injured to fight recklessly!
You are too injured to fight recklessly!
You are too injured to fight recklessly!
You are too injured to fight recklessly!
You are too injured to fight recklessly!
You are too injured to fight recklessly!
You are too injured to fight recklessly!
You are too injured to fight recklessly!
You are too injured to fight recklessly!
You hit the gnoll.
You kill the gnoll!
You have reached level 3!
Your experience leads to an increase in your attributes!
Increase (S)trength, (I)ntelligence, or (D)exterity?
You feel agile.
You have an epiphany!
The dusty tome is a manual of Bows!
Reading it may be key to unlocking the crate...
You hit the gnoll but do no damage. The gnoll hits you.
Are you sure you want to abandon this character and quit the game? (Confirm with "yes".) ######.# #.g@)..# #.###### #

You could see a gnoll.

Vanquished Creatures
  A gnoll (D:3)
  A dart slug (D:1)
  2 giant cockroaches (D:1)
  3 goblins (D:1)
  3 hobgoblins
  2 jackals (D:2)
  A kobold (D:1)
  2 bats (D:1)
  2 rats (D:1)
17 creatures vanquished.

Notes
Turn   | Place    | Note
-------+----------+-------------------------------------------
     0 | D:1      | Chiseanne the Demonspawn Archaeologist began the quest for
                  | the Orb.
     0 | D:1      | Reached XP level 1. HP: 15/15 MP: 1/1
   295 | D:1      | Gained mutation: You have a pair of small horns on your
                  | head. [demonic ancestry]
   295 | D:1      | Reached XP level 2. HP: 22/22 MP: 2/2
   709 | D:2      | Found an ornate altar of the Wu Jian Council.
   955 | D:3      | Reached XP level 3. HP: 16/27 MP: 3/3
   956 | D:3      | Quit the game

Skill      XL: |  1  2 |
---------------+-------+-----
Dodging        | 3 |  3.3
Fighting       | 2 |  2.2
Maces & Flails | |  0.8
Stealth        | |  3.0

Action                   || total
-------------------------++-------
Melee: Hand axe          ||    64
       Whip              ||     3
       Headbutt          ||     2
  Use: Scroll            ||     1
 Stab: Sleeping          ||     3
  Eat: Chunk             ||    10
Armor: Robe              ||    10
       Ring mail         ||    16
Dodge: Dodged            ||    59
